 Dungeon Crawl Stone Soup version 0.27-a0-54-g64bdb92e38 (webtiles) character file.

Game seed: 4830019432775559566

8 kae the Insei (level 2, 17/22 HPs)
             Began as a Demonspawn Gladiator on Jan 7, 2021.
             Quit the game on level 1 of the Dungeon.
             The game lasted 00:00:17 (479 turns).

kae the Insei (Demonspawn Gladiator)                 Turns: 479, Time: 00:00:18

Health: 17/22      AC:  3    Str: 14    XL:     2   Next: 0%
Magic:  2/2        EV: 12    Int:  9    God:
Gold:   0          SH:  0    Dex: 14    Spells: 1/1 levels left

rFire    . . .     SeeInvis .     - Unarmed
rCold    . . .     Faith    .   (no shield)
rNeg     . . .     Spirit   .   a - +0 leather armour
rPois    .         Reflect  .   (helmet restricted)
rElec    .         Harm     .   (no cloak)
rCorr    .         Rampage  .   (no gloves)
Will     .....                  (no boots)
Stlth    +.........             (no amulet)
HPRegen  0.07/turn              (no ring)
MPRegen  0.08/turn              (no ring)

@: no status effects
A: antennae 1
a: no special abilities


You were on level 1 of the Dungeon.
You visited 1 branch of the dungeon, and saw 1 of its levels.

Inventory:

Missiles
 c - 3 throwing nets (quivered)
Armour
 a - a +0 leather armour (worn)
 b - a +0 helmet
Jewellery
 e - a +4 ring of evasion {unknown}
Scrolls
 d - a scroll of identify {unknown}
Potions
 f - a potion of ambrosia {unknown}
 g - a potion of curing {unknown}


   Skills:
 + Level 2.2 Fighting
 - Level 1.7 Throwing
 - Level 2.6 Dodging
 * Level 3.1 Unarmed Combat


You had one spell level left.
You didn't know any spells.
Your spell library was empty.

Dungeon Overview and Level Annotations

Branches:
Dungeon (1/15)

Altars:

Annotations:
D:1 1 runed translucent door


Innate Abilities, Weirdness & Mutations

You have a pair of small antennae on your head.


Message History

The kobold throws a stone.
The stone hits you but does no damage.
You see here a stone.
A kobold is nearby!
You closely miss the kobold. The kobold misses you.
You completely miss the kobold. The kobold hits you but does no damage.
You hit the kobold.
The kobold is moderately wounded.
The kobold closely misses you.
A kobold is nearby!
You barely miss the kobold.
The kobold is moderately wounded.
The kobold hits you with a +0 dagger.
You hit the kobold.
You kill the kobold!
You have reached level 2!
You feel monstrous as your demonic heritage exerts itself.
Your demonic ancestry asserts itself...
A pair of antennae grows on your head!
Your +0 helmet falls away!
Are you sure you want to abandon this character and quit the game? (Confirm with "yes".)

##+# ################
##...##...............
##.....###.############
#.8...8.##..#
.#...)@#.##.#
...8...8...#.# ######
.....(.....'.# #.....
...8...8..(### #.####
#.#.....#.## .....
##.8...8.## .####
##.....# ##...## ##+#


There were no monsters in sight!

Vanquished Creatures
  A dart slug (D:1)
  2 goblins (D:1)
  2 kobolds (D:1)
  2 rats (D:1)
7 creatures vanquished.

Notes
Turn   | Place    | Note
-------+----------+-------------------------------------------
     0 | D:1      | kae the Demonspawn Gladiator began the quest for the Orb.
     0 | D:1      | Reached XP level 1. HP: 16/16 MP: 1/1
     1 | D:1      | Found a runed translucent door.
   406 | D:1      | Reached skill level 3 in Unarmed Combat
   479 | D:1      | Gained mutation: You have a pair of small antennae on your
                  | head. [demonic ancestry]
   479 | D:1      | Reached XP level 2. HP: 17/22 MP: 2/2
   479 | D:1      | Quit the game

Illustrated notes

Levels and vault maps discovered:
D:1:      dpeg_arrival_caged_fury, layout_loops_ring, dk_noncrumbling_3

Skill      XL: |  1 |
---------------+----+-----
Unarmed Combat | 3 |  3.1
Fighting       | |  2.2
Throwing       | |  1.7
Dodging        | |  2.6

Action                   || total
-------------------------++-------
Melee: Unarmed           ||    32
Armor: Leather armour    ||     7
Dodge: Dodged            ||    14

Table legend: (Time is in decaauts)
 A = Elapsed time spent in this place.
 B = Non-inter-level travel time spent in this place.
 C = Inter-level travel time spent in this place.
 D = Time resting spent in this place.
 E = Time spent auto-exploring this place.
 F = Levels seen in this place.
 G = Mean time per level.
                   A        B        C        D        E       F      G
               +--------+--------+--------+--------+--------+-----+--------+
         Total |    477 |    477 |      0 |    206 |    209 |   1 |  477.0 |
       Dungeon |    477 |    477 |      0 |    206 |    209 |   1 |  477.0 |
               +--------+--------+--------+--------+--------+-----+--------+

Top non-repeatable levels by time:
     D:1: 477 daAuts
